 Dungeon Crawl Stone Soup version 0.31-a0-931-g7b59d4eb97 (webtiles) character file.

Game seed: 3885118141638496364

48 mortress the Ruffian (level 3, 0/29 HPs)
             Began as a Draconian Shapeshifter on Oct 19, 2023.
             Slain by a cerulean imp
             ... wielding a +2 spear
             ... summoned by Natasha
              (3 damage)
             ... on level 2 of the Dungeon.
             The game lasted 00:02:36 (924 turns).

mortress the Ruffian (Draconian Shapeshifter)        Turns: 924, Time: 00:02:36

Health: 0/29       AC:  5    Str: 18    XL:     3   Next: 50%
Magic:  3/3        EV: 12    Int: 10    God:
Gold:   46         SH:  0    Dex: 10    Spells: 2/2 levels left

rFire   . .          .
                       - Unarmed
rCold   . . .        (no shield)
rNeg    . . .        (body armour unavailable)
rPois   .            (helmet currently unavailable)
rElec   .            (cloak currently unavailable)
rCorr   .            (gloves currently unavailable)
SInv    .            (boots currently unavailable)
Will    .....        (no amulet)
Stlth   +            (no ring)
HPRegen 0.24/turn    (no ring)
MPRegen 0.08/turn

%: no passive effects
@: beast-form, slowed, very slow
A: beast (slay +1), AC +5, unfitting armour, cold-blooded
a: Begin Untransformation


You were on level 2 of the Dungeon.
You were a hulking beast.
You visited 1 branch of the dungeon, and saw 2 of its levels.

You collected 46 gold pieces.

Inventory:

Talismans
 b - a beast talisman (active)
 c - a flux talisman
Scrolls
 d - a scroll of identify {unknown}
Potions
 a - a potion of lignification
 e - a potion of brilliance {unknown}


   Skills:
 + Level 1.9 Fighting
 + Level 2.2 Dodging
 * Level 3.6 Unarmed Combat
 + Level 3.3 Shapeshifting


You had 2 spell levels left.
You didn't know any spells.
Your spell library was empty.

Dungeon Overview and Level Annotations

Branches:
Dungeon (2/15)

Altars:

Annotations:
D:2 Natasha


Innate Abilities, Weirdness & Mutations

You are a hulking beast.
Your limbs bulge with bestial killing power. (Slay +1)
Your plain brown scales are hard. (AC +5)
You cannot fit into any form of body armour.
You are cold-blooded and may be slowed by cold attacks.


Message History

The endoplasm jiggles.
The endoplasm barely misses you.
You see here a bat corpse.
You hit the endoplasm. You punch the endoplasm.
The endoplasm is severely wounded.
The endoplasm barely misses you.
You hit the endoplasm.
You kill the endoplasm!
A bat comes into view.
The bat barely misses you.
A bat is nearby!
The bat hits you. The bat barely misses you. The bat closely misses you.
You miss the bat. The bat hits you but does no damage.
Natasha, Servant of Life and Death comes into view.
The bat misses you.
You hit the bat.
The bat is heavily wounded.
Natasha hisses angrily.
The bat closely misses you. The bat hits you but does no damage.
Natasha stares at you and mumbles some strange words.
The magic dart hits you!
You punch the bat!
You kill the bat!
Natasha casts a spell at you. The magic dart hits you.
Natasha casts a spell at you. The magic dart hits you!
Natasha casts a spell at you.
You feel yourself slow down.
Natasha stares at you and mumbles some strange words.
The magic dart hits you!
* * * LOW HITPOINT WARNING * * *
Natasha casts a spell.
You see here a bat corpse.
Found a scroll labelled NAXAEN MAUZENN and a fuming orange potion.
The cerulean imp shouts!
The cerulean imp hits you from afar with a +2 spear.
You die...

#..... ..#
######.#.###..#
.#...........#
#....#.#......#
#.#..#........#
.#h#......#
...#5.#...#
##.####.#..<...#
...?....#h..#..#
#####.#...........
#.......#.###..
###.#...#.# #
#.#...# # ......#
.......# ........#
.!.. ...#


You could see a cerulean imp (summoned).

Vanquished Creatures
  A gnoll (D:1)
  2 dart slugs (D:1)
  3 ball pythons (D:1)
  2 endoplasms
  A giant cockroach (D:1)
  A goblin (D:1)
  6 hobgoblins
  4 jackals (D:1)
  4 bats
  A frilled lizard (D:1)
  3 kobolds (D:1)
  3 rats (D:1)
31 creatures vanquished.

Notes
Turn   | Place    | Note
-------+----------+-------------------------------------------
     0 | D:1      | mortress the Draconian Shapeshifter began the quest for the
                  | Orb.
     0 | D:1      | Reached XP level 1. HP: 16/16 MP: 1/1
   221 | D:1      | Reached XP level 2. HP: 20/23 MP: 2/2
   592 | D:1      | Reached XP level 3. HP: 17/29 MP: 3/3
   911 | D:2      | Noticed Natasha
   924 | D:2      | Slain by a cerulean imp

Illustrated notes

Levels and vault maps discovered:
D:1:      roderic_crop_circles_arrival_small, layout_basic
D:2:      layout_basic, uniq_robin, uniq_natasha

Skill      XL: |  1  2 |
---------------+-------+-----
Dodging        | 2 |  2.2
Fighting       | |  1.9
Unarmed Combat | |  3.6
Shapeshifting  | |  3.3

Action                     || total
---------------------------++-------
  Melee: Unarmed           ||    93
         Tailslap          ||     9
         Punch             ||     2
   Stab: Sleeping          ||     1
 Armour: Skin              ||    60
  Dodge: Dodged            ||    53

Table legend: (Time is in decaauts)
 A = Elapsed time spent in this place.
 B = Non-inter-level travel time spent in this place.
 C = Inter-level travel time spent in this place.
 D = Time resting spent in this place.
 E = Time spent auto-exploring this place.
 F = Levels seen in this place.
 G = Mean time per level.
                   A        B        C        D        E       F      G
               +--------+--------+--------+--------+--------+-----+--------+
         Total |    920 |    896 |     24 |      0 |    684 |   2 |  460.0 |
       Dungeon |    920 |    896 |     24 |      0 |    684 |   2 |  460.0 |
               +--------+--------+--------+--------+--------+-----+--------+

Top non-repeatable levels by time:
     D:1: 887 daAuts
     D:2: 33 daAuts
